 Dungeon Crawl Stone Soup version 0.27-a0-249-g74f53ef629 (webtiles) character file.

Game seed: 15233441261811110083

867 hatsuma the Scratcher (level 7, -4/33 HPs)
             Began as a Felid Fighter on Feb 4, 2021.
             Was a Priest of Makhleb.
             Killed by divine providence
             ... invoked by an orc priest
              (10 damage)
             ... on level 6 of the Dungeon.
             The game lasted 00:44:02 (7577 turns).

hatsuma the Scratcher (Felid Fighter)               Turns: 7577, Time: 00:44:02

Health: -4/33      AC:  2    Str: 12    XL:     7   Next: 73%
Magic:  0/10       EV: 22    Int: 16    God:    Makhleb [***...]
Gold:   458        SH:  0    Dex: 17    Spells: 6/6 levels left
                                        Lives:  0   Deaths: 2

rFire    . . .     SeeInvis +     - Unarmed
rCold    . . .     Faith    .   (shield unavailable)
rNeg     . . .     Spirit   +   (armour unavailable)
rPois    .         Reflect  .   (helmet unavailable)
rElec    .         Harm     .   (cloak unavailable)
rCorr    .         Rampage  .   (gloves unavailable)
Will     +....                  (boots unavailable)
Stlth    ++++......             m - amulet of guardian spirit
HPRegen  0.11/turn              i - +6 ring of intelligence
MPRegen  0.12/turn              (no ring)

@: quick
A: very small, no armour, no weapons or thrown items, stealth, claws 1, fangs 3,
see invisible, speed 1, shaggy fur 2, sharp paws
a: Renounce Religion, Minor Destruction, Lesser Servant of Makhleb


You were on level 6 of the Dungeon.
You worshipped Makhleb.
Makhleb was most pleased with you.
You visited 2 branches of the dungeon, and saw 8 of its levels.

You collected 458 gold pieces.

Inventory:

Jewellery
 i - a +6 ring of intelligence (left paw)
 k - an uncursed ring of protection from fire
 m - an amulet of guardian spirit (around neck)
Wands
 r - a wand of paralysis (4)
 u - a wand of flame (12)
Scrolls
 c - 2 scrolls of magic mapping
 g - a scroll of immolation
 h - a scroll of amnesia
 l - 4 scrolls of remove curse
 n - a scroll of noise {unknown}
 o - 2 scrolls of fear
 v - 2 scrolls of teleportation
Potions
 a - a potion of might
 b - 2 potions of haste
 d - 2 potions of attraction
 e - 3 potions of brilliance
 f - 4 potions of curing
 j - 3 potions of mutation
 p - a potion of berserk rage {unknown}
 q - 2 potions of magic
 t - 2 potions of flight {unknown}
 w - a potion of cancellation {unknown}


   Skills:
 - Level 4.4 Fighting
 - Level 6.2 Dodging
 - Level 7.2 Stealth
 + Level 7.3 Unarmed Combat
 - Level 3.1 Invocations
 - Level 4.4 Evocations


You had 6 spell levels left.
You didn't know any spells.
Your spell library contained the following spells:

 Spells                   Type           Power        Failure   Level
 Animate Skeleton         Necr           0%           26%         1
 Apportation              Tloc           0%           26%         1
 Corona                   Hex            0%           26%         1
 Summon Small Mammal      Summ           0%           26%         1


Dungeon Overview and Level Annotations

Branches:
Dungeon (7/15)             Temple (1/1) D:4

Altars:
Makhleb
Ru

Shops:
D:6 [


Innate Abilities, Weirdness & Mutations

You cannot wear armour.
You are incapable of wielding weapons or throwing items.
Your paws allow you to move quietly. (Stealth)
You have sharp claws.
You have razor-sharp teeth.
You have supernaturally acute eyesight. (SInv)
You cover ground quickly.
You are covered in thick fur. (AC +2)
Your sharp claws are effective at attacking unaware monsters.


Message History

You start resting.
Magic restored.
You start resting.
HP restored.
There is a stone staircase leading up here.
You climb upwards.
The orc warrior hits you with a +0 scimitar!!
Ouch! That really hurt!
There is a stone staircase leading down, spattered with blood here.
You scratch the orc warrior but do no damage.
The orc warrior closely misses you.
You closely miss the orc priest. The orc priest completely misses you.
The orc warrior barely misses you.
The orc priest looks braver for a moment.
The orc priest calls down the wrath of Beogh upon you.
Pain shoots through your body!
* * * LOW HITPOINT WARNING * * *
The orc priest invokes the aid of Beogh against you.
Beogh smites you!
You die...

........).................
#.................[.....#
#.......####............#.
#........####.........#...
........###<.............. #
........##........<....#.. .
...z....#..............# .
..........................
.............@..#.........
...............##.....####
...........(......#
................###....#
.....?..........#....#
.......o.............# ....##
.....................$.###
.....##.........o..............>#
.....#..##...............o.....#


You could see an orc warrior and an orc priest.

Vanquished Creatures
  Edmund (D:5)
  A black bear (D:6)
  2 sky beasts
  A phantom (D:6)
  3 bullfrogs
  2 scorpions
  5 wights
  3 orc priests
  A hound (D:4)
  A bullfrog skeleton (D:4)
  Jessica (D:3)
  3 orc wizards
  4 worker ants
  Robin (D:6)
  10 adders
  4 gnolls (D:3)
  2 white imps (D:5)
  An ufetubus (D:5)
  An ooze (D:1)
  2 adder skeletons
  4 worms
  2 dart slugs
  4 leopard geckos
  7 orcs
  4 bats
  2 giant cockroaches
  11 goblins
  14 hobgoblins
  10 jackals
  A quokka (D:5)
  3 ball pythons
  10 frilled lizards
  7 kobolds
  A leopard gecko zombie (D:6)
  9 rats
138 creatures vanquished.

Vanquished Creatures (collateral kills)
  An orc (D:6)
1 creature vanquished.

Grand Total: 139 creatures vanquished

Notes
Turn   | Place    | Note
-------+----------+-------------------------------------------
     0 | D:1      | hatsuma the Felid Fighter began the quest for the Orb.
     0 | D:1      | Reached XP level 1. HP: 10/10 MP: 2/2
    42 | D:1      | Reached skill level 1 in Stealth
    60 | D:1      | Found a burning altar of Makhleb.
    66 | D:1      | Became a worshipper of Makhleb the Destroyer
   183 | D:1      | Reached XP level 2. HP: 14/14 MP: 3/3
   670 | D:2      | Reached XP level 3. HP: 17/17 MP: 4/4
   742 | D:2      | Reached * piety under Makhleb
  1415 | D:2      | Reached skill level 5 in Stealth
  1695 | D:2      | Reached XP level 4. HP: 21/21 MP: 5/5
  1971 | D:3      | Noticed Robin
  2304 | D:3      | Found a faded altar of an unknown god.
  2320 | D:3      | Noticed Jessica
  2321 | D:3      | Reached skill level 5 in Dodging
  2837 | D:3      | Reached XP level 5. HP: 23/25 MP: 6/6
  3001 | D:3      | Reached ** piety under Makhleb
  3365 | D:3      | Killed Jessica
  3527 | D:4      | Reached skill level 1 in Evocations
  3856 | D:4      | Reached skill level 1 in Invocations
  3933 | D:4      | Gained mutation: You are covered in thick fur. (AC +2)
                  | [Felid growth]
  3933 | D:4      | Reached XP level 6. HP: 26/29 MP: 8/8
  4013 | D:4      | HP: 1/29 [wight/cursed +5 scimitar (9)]
  4381 | D:4      | Found a staircase to the Ecumenical Temple.
  4411 | Temple   | Entered the Ecumenical Temple
  4592 | D:4      | Slain by a wight
  4593 | D:4      | Reached XP level 5. HP: 0/21 MP: 7/7
  4657 | D:4      | Reached XP level 6. HP: 27/29 MP: 8/8
  4705 | D:5      | Entered Level 5 of the Dungeon
  5315 | D:5      | Noticed a sky beast
  5332 | D:5      | Killed a sky beast
  5333 | D:5      | Reached XP level 7. HP: 32/33 MP: 8/10
  5425 | D:5      | Noticed Edmund
  5535 | D:6      | Found Mavu Zos's Armour Shop.
  5862 | D:6      | Noticed a wyvern
  6127 | D:6      | Reached *** piety under Makhleb
  6506 | D:5      | Reached skill level 5 in Unarmed Combat
  6678 | D:5      | Killed Edmund
  6679 | D:5      | Reached XP level 8. HP: 29/36 MP: 8/11
  6792 | D:5      | Slain by a wyvern
  6793 | D:5      | Reached XP level 7. HP: -4/33 MP: 0/10
  6813 | D:6      | Killed Robin
  7389 | D:6      | Found a sacrificial altar of Ru.
  7577 | D:6      | Killed from afar by an orc priest

Illustrated notes

Levels and vault maps discovered:
D:1:      psy_arrival_terrarium, layout_rooms, kennysheep_flooded_box,
          minmay_cupped
D:2:      layout_loops_ring
D:3:      layout_rooms, chequers_ecumenical_altar_simple_redux, uniq_jessica,
          uniq_robin
D:4:      layout_cave_pools, minmay_temple_entry_crystal_x,
          minmay_misc_feat_secret_circle, hangedman_decor_points,
          minmay_fractal_squares_diagonal_5
D:5:      layout_loops_ring, uniq_edmund
D:6:      layout_cave_pools, serial_shops, shop, basic_altar
D:7:      layout_cave_pools, serial_glass, glass_columns_b, glass_columns_a,
          glass_columns_c, glass_columns_a, glass_columns_a, glass_columns_c,
          serial_park_tiny_2, grunt_ministairs_12, nrook_mini_vaults,
          minmay_fractal_squares_5, uniq_harold, uniq_pikel, uniq_duvessa
Temple:   roderic_octagonal_lattice_temple

Skill      XL: |  1  2  3  4  5  6  7  8 |
---------------+-------------------------+-----
Stealth        | 2 4 5 6 7 |  7.2
Dodging        | 5 6 |  6.2
Fighting       | 4 |  4.4
Evocations     | 2 3 4 |  4.4
Invocations    | 1 3 |  3.1
Unarmed Combat | 7 6 |  7.3

Action                   |  1- 3 |  4- 6 |  7- 9 || total
-------------------------+-------+-------+-------++-------
Melee: Unarmed           |    78 |   219 |   200 ||   497
       Bite              |     7 |    23 |    24 ||    54
       Punch             |     2 |     5 |     3 ||    10
Invok: Minor Destruction |       |     2 |     1 ||     3
       Lesser Servant of |       |       |     2 ||     2
Evoke: Wand              |       |     7 |     1 ||     8
  Use: Scroll            |    10 |     7 |     1 ||    18
 Stab: Sleeping          |     7 |    10 |     2 ||    19
       Distracted        |     1 |       |       ||     1
       Paralysed         |       |     2 |     1 ||     3
Armor: Skin              |     1 |     8 |     9 ||    18
Dodge: Dodged            |    47 |   164 |   184 ||   395

Table legend: (Time is in decaauts)
 A = Elapsed time spent in this place.
 B = Non-inter-level travel time spent in this place.
 C = Inter-level travel time spent in this place.
 D = Time resting spent in this place.
 E = Time spent auto-exploring this place.
 F = Levels seen in this place.
 G = Mean time per level.
                   A        B        C        D        E       F      G
               +--------+--------+--------+--------+--------+-----+--------+
         Total |   6879 |   6723 |    156 |   3458 |    198 |   8 |  859.9 |
       Dungeon |   6812 |   6656 |    156 |   3395 |    198 |   7 |  973.1 |
        Temple |     66 |     66 |      0 |     63 |      0 |   1 |   66.0 |
               +--------+--------+--------+--------+--------+-----+--------+

Top non-repeatable levels by time:
     D:5: 1772 daAuts
     D:2: 1578 daAuts
     D:3: 1182 daAuts
     D:4: 1066 daAuts
     D:6: 705 daAuts
     D:1: 369 daAuts
     D:7: 137 daAuts
  Temple: 66 daAuts
